 Dungeon Crawl Stone Soup version 0.31-a0-620-gd1cbd99268 (webtiles) character file.

Game seed: 13031843442388001883

224 Dittersdorf the Trooper (level 6, -8/39 HPs)
             Began as a Gargoyle Fighter on Aug 23, 2023.
             Killed by divine providence
             ... invoked by an orc priest
              (15 damage)
             ... on level 4 of the Dungeon.
             The game lasted 00:03:00 (2617 turns).

Dittersdorf the Trooper (Gargoyle Fighter)          Turns: 2617, Time: 00:03:00

Health: -8/39      AC: 11    Str: 22    XL:     6   Next: 0%
Magic:  6/6        EV:  9    Int:  8    God:
Gold:   181        SH:  4    Dex:  9    Spells: 5/5 levels left

rFire   . . .        a - +0 flail
rCold   . . .        c - +0 buckler
rNeg    + . .        b - +0 scale mail
rPois   ∞            (no helmet)
rElec   +            (no cloak)
rCorr   .            (no gloves)
SInv    .            (no boots)
Will    .....        (no amulet) Stlth
                     (no ring)
HPRegen 0.26/turn    (no ring)
MPRegen 0.10/turn

%: no passive effects
@: no status effects
A: sickness immunity, AC +4, negative energy resistance 1, electricity
resistance, torment resistance 1, petrification resistance
a: no special abilities


You were on level 4 of the Dungeon.
You visited 1 branch of the dungeon, and saw 4 of its levels.

You collected 181 gold pieces.

Inventory:

Hand Weapons
 a - a +0 flail (weapon)
Armour
 b - a +0 scale mail (worn)
 c - a +0 buckler (worn)
Scrolls
 g - a scroll of blinking
 h - a scroll of fear {unknown}
 i - a scroll of identify
 j - 2 scrolls of fog
 l - a scroll of teleportation {unknown}
 n - a scroll of brand weapon {unknown}
Potions
 d - 2 potions of might
 e - 2 potions of invisibility {unknown}
 f - 3 potions of haste {unknown}
 k - a potion of degeneration
 m - a potion of curing


   Skills:
 + Level 4.5 Fighting
 + Level 3.3 Maces & Flails
 + Level 4.5 Armour
 + Level 4.5 Shields


You had 5 spell levels left.
You didn't know any spells.
Your spell library contained the following spells:

 Spells                   Type           Power      Damage    Failure   Level
 Blink                    Tloc           0%         N/A       90%         2
 Gell's Gravitas          Tloc           0%         N/A       99%         3
 Teleport Other           Tloc           0%         N/A       99%         3
 Manifold Assault         Tloc           0%         N/A       100%        4
 Dispersal                Tloc           0%         N/A       100%        6


Dungeon Overview and Level Annotations

Branches:
Dungeon (4/15)
 Temple: D:4-7

Altars:
Xom


Innate Abilities, Weirdness & Mutations

You are immune to sickness and miasma.
Your stone body is resilient. (AC +4)
You are immune to poison.
You resist negative energy. (rN+)
You are resistant to electric shocks. (rElec)
You are resistant to unholy torment.
You are immune to petrification.


Message History

Found a leather armour.
Found 6 stones.
No target in view!
You see here 6 stones.
An orc comes into view. It is wielding a +0 hand axe.
The orc shouts!
You hear a shout!
An orc comes into view. It is wielding a +1 mace of protection.
An orc comes into view. It is wielding a +0 quarterstaff.
The orc shouts!
An orc priest comes into view. It is wielding a +0 short sword.
The orc priest shouts!
You barely miss the orc. The orc hits you but does no damage.
An orc comes into view. It is wielding a +0 morningstar.
You barely miss the orc. The orc hits you with a +0 hand axe.
The orc priest calls down the wrath of Beogh upon you.
Beogh smites you! The orc barely misses you.
You completely miss the orc. The orc hits you with a +0 hand axe.
You closely miss the orc. The orc hits you but does no damage.
You sock the orc!
You kill the orc!
The orc priest looks braver for a moment.
An orc priest comes into view. It is wielding a +0 flail.
You have reached level 6!
The orc priest shouts!
The orc attacks as it pursues you! You block the orc's attack.
The orc attacks as it pursues you!
The orc hits you with a +0 quarterstaff.
The orc priest invokes the aid of Beogh against you.
Beogh smites you!
* * * LOW HITPOINT WARNING * * *
The orc attacks as it pursues you! You block the orc's attack.
The orc attacks as it pursues you!
The orc hits you with a +0 quarterstaff.
* * * LOW HITPOINT WARNING * * *
The orc attacks as it pursues you!
The orc hits you with a +0 quarterstaff.
* * * LOW HITPOINT WARNING * * *
The orc priest mumbles some strange prayers to Beogh against you.
Beogh smites you!
You die...

#.# #o# #.#
#o# #o# #.#
#o# #.# ###@#
##.#.#
##....#
####.....####
......[...(.#
.###.....##.#
........###.#
.###......#.#
###.##.#.#


You could see an orc priest and 3 orcs.

Vanquished Creatures
  2 hounds (D:4)
  Jessica (D:3)
  4 gnolls (D:3)
  4 adders
  A dart slug (D:1)
  An orc (D:4)
  8 ball pythons
  7 bats
  8 endoplasms
  A giant cockroach (D:3)
  6 hobgoblins
  4 kobolds
  3 quokkas
  6 frilled lizards
  4 goblins
  7 rats
67 creatures vanquished.

Notes
Turn   | Place    | Note
-------+----------+-------------------------------------------
     0 | D:1      | Dittersdorf the Gargoyle Fighter began the quest for the
                  | Orb.
     0 | D:1      | Reached XP level 1. HP: 14/14 MP: 1/1
   154 | D:1      | Reached XP level 2. HP: 19/19 MP: 2/2
   601 | D:1      | Reached XP level 3. HP: 18/23 MP: 3/3
   622 | D:1      | Found a faded altar of an unknown god.
  1251 | D:2      | Reached XP level 4. HP: 24/29 MP: 4/4
  1732 | D:3      | Noticed Jessica
  1742 | D:3      | Killed Jessica
  1812 | D:3      | Reached XP level 5. HP: 33/33 MP: 5/5
  1923 | D:3      | Found a shimmering altar of Xom.
  2605 | D:4      | Reached XP level 6. HP: 25/39 MP: 6/6
  2617 | D:4      | Killed from afar by an orc priest

Illustrated notes

Levels and vault maps discovered:
D:1:      dpeg_arrival_long_road, layout_loops_corners,
          ebering_ecumenical_altar_mist
D:2:      layout_rooms
D:3:      layout_loops_cross, mainiacjoe_overflow_boulevard, uniq_jessica
D:4:      layout_loops_ring

Skill      XL: |  1  2  3  4  5 |
---------------+----------------+-----
Shields        | 4 |  4.5
Fighting       | 4 |  4.5
Armour         | 4 |  4.5
Maces & Flails | 3 |  3.3

Action                     |  1- 3 |  4- 6 || total
---------------------------+-------+-------++-------
  Melee: Flail             |   119 |   143 ||   262
    Use: Scroll            |       |     4 ||     4
 Armour: Scale mail        |    73 |   102 ||   175
  Dodge: Dodged            |    40 |    89 ||   129
  Block: Buckler           |    21 |    42 ||    63

Table legend: (Time is in decaauts)
 A = Elapsed time spent in this place.
 B = Non-inter-level travel time spent in this place.
 C = Inter-level travel time spent in this place.
 D = Time resting spent in this place.
 E = Time spent auto-exploring this place.
 F = Levels seen in this place.
 G = Mean time per level.
                   A        B        C        D        E       F      G
               +--------+--------+--------+--------+--------+-----+--------+
         Total |   2694 |   2560 |    134 |     82 |   1901 |   4 |  673.5 |
       Dungeon |   2694 |   2560 |    134 |     82 |   1901 |   4 |  673.5 |
               +--------+--------+--------+--------+--------+-----+--------+

Top non-repeatable levels by time:
     D:1: 995 daAuts
     D:3: 842 daAuts
     D:2: 543 daAuts
     D:4: 313 daAuts
